 Dungeon Crawl Stone Soup version 0.27-a0-1200-g94dc6ad4cf (webtiles) character file.

Game seed: 8588312676775935147

54373 bilbop the Bludgeoner (level 14, 0/127 HPs)
             Began as a Minotaur Fighter on June 1, 2021.
             Was a Believer of Jiyva.
             Succumbed to a swamp dragon's poison gas
             ... on level 13 of the Dungeon.
             The game lasted 02:00:16 (18187 turns).

bilbop the Bludgeoner (Minotaur Fighter)           Turns: 18187, Time: 02:00:16

Health: 0/127      AC: 25    Str: 22    XL:     14   Next: 34%
Magic:  15/15      EV:  5    Int:  6    God:    Jiyva [**....]
Gold:   1917       SH: 21    Dex: 13    Spells: 13/13 levels left

rFire    . . .     SeeInvis .   a - +7 whip (elec)
rCold    . . .     Faith    .   L - +2 tower shield {AC+3}
rNeg     . . .     Spirit   .   T - +0 plate armour
rPois    .         Reflect  .   (helmet restricted)
rElec    .         Harm     .   R - +1 cloak {Will+}
rCorr    +         Rampage  +   N - +1 pair of gloves
Will     +++..                  B - +0 pair of boots {rampage}
Stlth    ..........             o - amulet of regeneration
HPRegen  1.31/turn              k - ring of resist corrosion
MPRegen  0.14/turn              w - ring of willpower

@: lethally poisoned (0 -> -13)
A: horns 2, retaliatory headbutt
a: Renounce Religion, Request Jelly


You were on level 13 of the Dungeon.
You worshipped Jiyva.
Jiyva was pleased with you.
You visited 3 branches of the dungeon, and saw 20 of its levels.
You also visited: Sewer.

You collected 2179 gold pieces.
You spent 262 gold pieces at shops.

Inventory:

Hand Weapons
 a - a +7 whip of electrocution (weapon)
 b - a +1 hunting sling of freezing
Missiles
 r - 8 stones
 s - 3 curare-tipped darts (quivered)
 y - 2 throwing nets
 F - 141 sling bullets
Armour
 B - a +0 pair of boots of rampaging (worn)
 L - a +2 tower shield of protection (worn)
 N - a +1 pair of gloves (worn)
 R - a +1 cloak of willpower (worn)
 T - a +0 plate armour (worn)
Jewellery
 e - the ring of Vaceny {rPois rF- Str+4 Int+6}
   (You found it on level 6 of the Lair of Beasts)

   [ring of intelligence]

   It affects your strength (+4).
   It affects your intelligence (+6).
   It makes you vulnerable to fire.
   It protects you from poison.
 g - a ring of protection from fire
 k - a ring of resist corrosion (left hand)
 o - an amulet of regeneration (around neck)
 v - a ring of fire
 w - a ring of willpower (right hand)
 x - a ring of protection from cold
 M - an amulet of reflection
 O - a ring of wizardry
 S - a +6 ring of dexterity
Wands
 h - a wand of acid (28)
 m - a wand of polymorph (8)
 n - a wand of iceblast (24)
 q - a wand of flame (31)
 D - a wand of digging (6)
 G - a wand of paralysis (5)
Scrolls
 f - 2 scrolls of blinking
 p - a scroll of silence
 C - 5 scrolls of teleportation
 E - 3 scrolls of magic mapping
 K - 3 scrolls of fog
 Q - 2 scrolls of fear
 V - a scroll of holy word
Potions
 d - 7 potions of might
 i - 4 potions of magic
 j - 7 potions of flight
 l - 9 potions of curing
 t - a potion of brilliance {unknown}
 u - a potion of heal wounds
 z - a potion of berserk rage {unknown}
 H - 4 potions of haste {unknown}
 I - a potion of invisibility {unknown}
 J - a potion of cancellation {unknown}
 U - 4 potions of resistance


   Skills:
 + Level 12.9 Fighting
 + Level 15.8 Maces & Flails
 + Level 11.4 Slings
 + Level 12.9 Armour
 + Level 12.9 Shields
 * Level 3.3 Invocations


You had 13 spell levels left.
You didn't know any spells.
Your spell library contained the following spells:

 Spells                   Type           Power      Damage    Failure   Level
 Animate Skeleton         Necr           0%         N/A       100%        1
 Apportation              Tloc           0%         N/A       100%        1
 Corona                   Hex            0%         N/A       100%        1
 Magic Dart               Conj           0%         1d3       100%        1
 Shock                    Conj/Air       0%         1d3       100%        1
 Sting                    Tmut/Pois      0%         1d3       100%        1
 Summon Small Mammal      Summ           0%         N/A       100%        1
 Blink                    Tloc           N/A        N/A       100%        2
 Call Imp                 Summ           0%         N/A       100%        2
 Poisonous Vapours        Pois/Air       0%         N/A       100%        2
 Searing Ray              Conj           0%         3d3       100%        2
 Slow                     Hex            0%         N/A       100%        2
 Static Discharge         Conj/Air       0%         N/A       100%        2
 Conjure Flame            Conj/Fire      0%         6-21      100%        3
 Dazzling Flash           Conj/Hex       0%         N/A       100%        3
 Gell's Gravitas          Tloc           0%         N/A       100%        3
 Lesser Beckoning         Tloc           0%         N/A       100%        3
 Mephitic Cloud           Conj/Pois/Air  0%         N/A       100%        3
 Swiftness                Air            0%         N/A       100%        3
 Teleport Other           Tloc           0%         N/A       100%        3
 Tukima's Dance           Hex            0%         N/A       100%        3
 Airstrike                Air            0%         N/A       100%        4
 Animate Dead             Necr           0%         N/A       100%        4
 Fulminant Prism          Conj/Hex       0%         3d6       100%        4
 Iskenderun's Mystic Bla  Conj/Tloc      0%         2d3       100%        4
 Agony                    Necr           0%         N/A       100%        5
 Alistair's Intoxication  Tmut/Pois      0%         N/A       100%        5
 Borgnjor's Vile Clutch   Necr/Erth      0%         N/A       100%        5
 Lightning Bolt           Conj/Air       0%         1d11      100%        5
 Manifold Assault         Tloc           0%         N/A       100%        5
 Blade Hands              Tmut           0%         N/A       100%        6
 Death Channel            Necr           0%         N/A       100%        6
 Freezing Cloud           Conj/Ice/Air   0%         6-21      100%        6
 Invisibility             Hex            0%         N/A       100%        6
 Simulacrum               Ice/Necr       0%         N/A       100%        6


Dungeon Overview and Level Annotations

Branches:
Dungeon (13/15)            Temple (1/1) D:4            Lair (6/6) D:11
  Swamp (0/4) Lair:4        Snake (0/4) Lair:2        Slime (0/5) Lair:6
    Orc (0/2) D:10          Sewer (visited)
 Vaults: D:13-14

Altars:
Ashenzari
Cheibriados
Dithmenos
Elyvilon
Fedhas
Gozag
Hepliaklqana
Kikubaaqudgha
Makhleb
Nemelex Xobeh
Okawaru
Qazlal
Ru
Sif Muna
Uskayaw
Vehumet
Wu Jian
Xom
Yredelemnul
Zin
The Shining One
Jiyva

Shops:
D:2 *   D:6 :   D:9 =

Annotations:
D:3 1 transporter, indyram44's ghost, amateur DsGl
D:6 2 runed translucent doors
D:9 3 runed translucent doors, freelancePsychic's ghost, novice TrEE
Lair:2 exclusion: oklob plant


Innate Abilities, Weirdness & Mutations

You have a pair of horns on your head.
You reflexively headbutt those who attack you in melee.


Message History

You whack the vampire mosquito!
You destroy the vampire mosquito!
You feel sick.
The swamp dragon breathes poison at you.
The blast of poison engulfs you.
You are more poisoned.
You are engulfed in poison gas.
You are more poisoned.
You feel very sick. You block the swamp dragon's attack. x2
The swamp dragon tramples you but does no damage.
You see here a vampire mosquito corpse.
You feel very sick. You block the swamp dragon's attack.
The swamp dragon claws you.
* * * LOW HITPOINT WARNING * * *
You block the swamp dragon's attack.
You whack the swamp dragon! You headbutt the swamp dragon!
The swamp dragon is severely wounded.
You feel very sick.
The swamp dragon breathes poison at you.
The blast of poison engulfs you!
You are more poisoned.
* * * LOW HITPOINT WARNING * * *
You hit the swamp dragon but do no damage.
You headbutt the swamp dragon, but do no damage.
The swamp dragon is severely wounded.
You are engulfed in poison gas.
You are lethally poisoned!
* * * LOW HITPOINT WARNING * * *
You feel extremely sick.
You feel better.
You are engulfed in poison gas.
You are poisoned.
* * * LOW HITPOINT WARNING * * *
You feel very sick. You block the swamp dragon's attack. x3
You whack the swamp dragon! You headbutt the swamp dragon!
The swamp dragon is almost dead.
You are engulfed in poison gas.
You are lethally poisoned!
* * * LOW HITPOINT WARNING * * *
You die... .. ?.§ .yy

°°# yD≈≈ #°#
≈≈≈≈.#### #.#
≈≈≈D§☼°.# #°# #y#
#.# #○# #°# #
######.#####†#(####.
#☼☼☼○...y..D@°......
#☼####....°°○°..####
#.# ########.○.# #.#
#.## #.# .# #.# .#
#.# .# #.### #...#


You could see a swamp dragon (catching breath) and a vampire mosquito.

Vanquished Creatures
  4 hydras
  5 boulder beetles
  Erica (D:8)
  4 catoblepae
  3 two-headed ogres
  5 death yaks (Lair:6)
  Urug (D:11)
  A deep elf pyromancer (D:12)
  2 manticores (Lair:6)
  5 centaur zombies
  8 black mambas
  Maurice (D:10)
  3 gargoyles (D:12)
  12 cane toads
  Psyche (D:8)
  2 unseen horrors (D:12)
  2 kobold demonologists
  12 komodo dragons
  3 rime drakes
  3 trolls
  A tyrant leech (Lair:4)
  A meliai (D:10)
  A polar bear (Lair:6)
  11 blink frogs
  2 wraiths (D:12)
  4 wyverns
  A vampire (D:10)
  62 yaks
  6 basilisks
  2 steam dragons (D:6)
  6 vampire mosquitoes
  19 water moccasins
  A swamp worm (Lair:4)
  2 acid dragons
  A sky beast (D:5)
  Duvessa (D:6)
  9 ice beasts
  3 black bears
  6 orc warriors
  5 necrophages
  An ogre (D:4)
  5 wolves (Lair:6)
  6 centaurs
  2 phantoms
  4 kobold brigands
  11 bullfrogs
  A gnoll sergeant (D:12)
  2 wyvern zombies
  Dowan (D:6)
  4 scorpions
  2 wyvern skeletons (D:5)
  9 killer bees
  13 wights
  2 electric eels
  A howler monkey (D:6)
  A jelly (D:7)
  A centaur skeleton (D:7)
  2 hounds (D:5)
  5 orc priests
  A bullfrog skeleton (D:6)
  Terence (D:3)
  2 gnoll shamans
  An iguana (D:4)
  6 orc wizards
  2 mummies (D:12)
  3 howler monkey zombies
  13 gnolls
  11 adders
  5 river rats (Sewer)
  An adder skeleton (D:4)
  2 worms (D:2)
  23 orcs
  15 ball pythons
  10 endoplasms
  4 giant cockroaches
  7 goblins
  4 hobgoblins
  7 jackals
  4 quokkas
  2 bats (D:2)
  4 frilled lizards
  30 kobolds
  22 rats
475 creatures vanquished.

Vanquished Creatures (others)
  4 slime creatures (D:12)
  A shadow (D:12)
  A wraith (D:12)
  11 jellies (D:12)
  A bullfrog zombie (D:6)
  A howler monkey skeleton (D:6)
  31 fungi
  60 plants
  9 withered plants (D:12)
119 creatures vanquished.

Grand Total: 594 creatures vanquished

Notes
Turn   | Place    | Note
-------+----------+-------------------------------------------
     0 | D:1      | bilbop the Minotaur Fighter began the quest for the Orb.
     0 | D:1      | Reached XP level 1. HP: 19/19 MP: 0/0
   276 | D:1      | Reached XP level 2. HP: 25/27 MP: 1/1
   354 | D:1      | Found a faded altar of an unknown god.
   922 | D:2      | Reached skill level 3 in Maces & Flails
  1044 | D:2      | Reached XP level 3. HP: 33/33 MP: 2/2
  1191 | D:2      | Found an ancient bone altar of Kikubaaqudgha.
  1418 | D:2      | Found Osiyseq's Assorted Antiques.
  1436 | D:2      | Reached XP level 4. HP: 10/40 MP: 3/3
  1438 | D:2      | Reached skill level 4 in Maces & Flails
  2232 | D:3      | Reached XP level 5. HP: 47/47 MP: 4/4
  2254 | D:3      | Noticed Terence
  2259 | D:3      | Killed Terence
  2260 | D:3      | Reached skill level 1 in Slings
  2359 | D:3      | Found a transporter.
  2361 | D:3      | Noticed an ogre
  2361 | D:3      | Noticed indyram44's ghost (amateur DsGl)
  2364 | D:3      | Identified the +0 great mace of Instinct {drain, *Slow
                  | Int+9 Dex+2 SInv}
  2364 | D:3      | Noticed an ogre
  2385 | D:3      | Found a stormy altar of Qazlal.
  2422 | D:3      | Noticed a necrophage
  2428 | D:3      | Killed a necrophage
  2429 | D:3      | Reached skill level 5 in Maces & Flails
  2429 | D:3      | Reached XP level 6. HP: 55/55 MP: 5/5
  2566 | D:3      | Found a glowing drain.
  2591 | Sewer    | Entered a sewer
  2798 | Sewer    | Reached skill level 5 in Fighting
  2798 | Sewer    | Reached skill level 5 in Armour
  2858 | Sewer    | Reached skill level 5 in Shields
  2977 | Sewer    | Reached XP level 7. HP: 61/61 MP: 6/6
  3330 | D:3      | Reached skill level 6 in Maces & Flails
  3813 | D:4      | Found a shimmering blue altar of Sif Muna.
  4134 | D:4      | Found a broken altar of Ashenzari.
  4244 | D:4      | Found a staircase to the Ecumenical Temple.
  4254 | Temple   | Entered the Ecumenical Temple
  4540 | D:5      | Entered Level 5 of the Dungeon
  4551 | D:4      | Reached skill level 7 in Maces & Flails
  4551 | D:4      | Reached XP level 8. HP: 49/70 MP: 7/7
  4592 | D:5      | Identified the Almanac of Changing and Black Magic
  5084 | D:5      | Reached skill level 8 in Maces & Flails
  5180 | D:5      | Found an opulent altar of Gozag.
  5400 | D:2      | Bought a shiny tower shield for 157 gold pieces
  5410 | D:2      | Bought a dented copper amulet for 105 gold pieces
  5543 | D:6      | Noticed Duvessa
  5543 | D:6      | Noticed Dowan
  5551 | D:6      | Killed Duvessa
  5559 | D:6      | Killed Dowan
  5749 | D:6      | Found a large runed translucent door.
  5750 | D:6      | Found a large runed translucent door.
  5947 | D:6      | Reached XP level 9. HP: 68/78 MP: 8/8
  6154 | D:6      | Found a burning altar of Makhleb.
  6313 | D:6      | Found Inyxel's Book Shop.
  6325 | D:6      | Found a hazy altar of Hepliaklqana.
  6326 | D:6      | Found a shadowy altar of Dithmenos.
  6392 | D:6      | Reached skill level 9 in Maces & Flails
  6597 | D:7      | Reached skill level 5 in Slings
  6911 | D:7      | Found a snail-covered altar of Cheibriados.
  6999 | D:7      | Identified the +1 robe of Nemelex Xobeh's Esteem {rPois
                  | rN++ Int-4 Dex+2}
  7230 | D:8      | Noticed Psyche
  7239 | D:8      | Killed Psyche
  7396 | D:8      | Noticed Erica
  7407 | D:8      | Killed Erica
  7408 | D:8      | Reached skill level 10 in Maces & Flails
  7408 | D:8      | Reached XP level 10. HP: 69/88 MP: 9/9
  7545 | D:8      | Found a hide-covered altar of Uskayaw.
  7930 | D:9      | Found a runed translucent gate.
  7930 | D:9      | Found a runed translucent gate.
  7930 | D:9      | Found a runed translucent gate.
  7943 | D:9      | Noticed freelancePsychic's ghost (novice TrEE)
  8154 | D:9      | Noticed a nine-headed hydra
  8383 | D:9      | Reached skill level 11 in Maces & Flails
  8629 | D:9      | Found Puhuriets's Jewellery Boutique.
  8877 | D:10     | Entered Level 10 of the Dungeon
  8941 | D:10     | Noticed Maurice
  9263 | D:10     | Noticed a two-headed ogre
  9271 | D:10     | Killed a two-headed ogre
  9444 | D:10     | Found a white marble altar of Elyvilon.
  9505 | D:10     | Killed Maurice
  9719 | D:10     | Reached XP level 11. HP: 92/97 MP: 10/10
  9773 | D:10     | Found a staircase to the Orcish Mines.
  9831 | D:10     | Reached skill level 12 in Maces & Flails
 10171 | D:11     | Noticed Urug
 10223 | D:11     | Killed Urug
 10284 | D:11     | Found a staircase to the Lair.
 10488 | D:11     | Found a sacrificial altar of Ru.
 10966 | Lair:1   | Entered Level 1 of the Lair of Beasts
 10982 | Lair:1   | Identified the +1 robe "Idareenn" {Fly rN+ Str+4 Dex-5
                  | SInv}
 11228 | Lair:1   | Reached skill level 13 in Maces & Flails
 11761 | Lair:2   | Found a transporter.
 11769 | Lair:2   | Found a transporter.
 11770 | Lair:2   | Noticed a boulder beetle
 11778 | Lair:2   | Noticed a boulder beetle
 11876 | Lair:2   | Reached skill level 10 in Fighting
 11876 | Lair:2   | Reached skill level 10 in Armour
 11920 | Lair:2   | Reached skill level 10 in Shields
 12176 | Lair:2   | Reached XP level 12. HP: 106/106 MP: 11/11
 12183 | Lair:2   | Found a staircase to the Snake Pit.
 12326 | Lair:2   | Noticed a catoblepas
 12371 | Lair:2   | Killed a catoblepas
 12425 | Lair:2   | Noticed a boulder beetle
 12488 | Lair:2   | Killed a boulder beetle
 12489 | Lair:2   | Reached skill level 14 in Maces & Flails
 12990 | Lair:2   | Killed a boulder beetle
 13005 | Lair:2   | Killed a boulder beetle
 13504 | Lair:3   | Found a basalt altar of Yredelemnul.
 13516 | Lair:3   | Noticed a four-headed hydra
 13531 | Lair:3   | Killed a four-headed hydra
 14067 | Lair:4   | Reached XP level 13. HP: 96/116 MP: 12/12
 14221 | Lair:4   | Reached skill level 10 in Slings
 14401 | Lair:4   | Found a staircase to the Swamp.
 14615 | Lair:5   | Identified the +1 robe of the Vacuum {rF+ Int+4}
 15334 | Lair:6   | Entered Level 6 of the Lair of Beasts
 15343 | Lair:6   | Reached skill level 15 in Maces & Flails
 15557 | Lair:6   | Identified a scroll of acquirement
 15559 | Lair:6   | Acquired 785 gold pieces
 16595 | Lair:6   | Reached XP level 14. HP: 124/127 MP: 13/13
 16619 | Lair:6   | Found a viscous altar of Jiyva.
 16619 | Lair:6   | Found a staircase to the Slime Pits.
 16705 | Lair:6   | Became a worshipper of Jiyva Jeettud the Shapeless
 16964 | Lair:6   | Identified the ring of Vaceny {rPois rF- Str+4 Int+6}
 16975 | Lair:6   | Reached * piety under Jiyva
 17343 | D:12     | Reached skill level 1 in Invocations
 17471 | D:12     | Reached ** piety under Jiyva
 18187 | D:13     | HP: 4/127 [swamp dragon] (5)]
 18187 | D:13     | Succumbed to a swamp dragon's poison gas

Illustrated notes

Levels and vault maps discovered:
D:1:      lemuel_arrival_broad_hall, layout_basic,
          hellmonk_ecumenical_altar_lost_god
D:2:      layout_basic, serial_shops, nicolae_shop_overgrown_old_shop,
          basic_altar
D:3:      layout_loops_ring, grunt_qazlal_clouds, portal_sewer_entry_f,
          gammafunk_ghost_smash, uniq_terence
D:4:      layout_basic, evilmike_ruin_ashenzari, kennysheep_mini,
          lemuel_temple_firewalk_b, minmay_starry_boxes
D:5:      layout_basic, lemuel_round_altar
D:6:      kennysheep_steamy, layout_loops_ring,
          riverfiend_overflow_shadow_ancestor, lemuel_doored_altar,
          jmf_multi_god_temple2, serial_shops, shop, lemuel_flamethrower_2,
          uniq_duvessa
D:7:      layout_basic, old_standard_altar
D:8:      layout_rooms, old_standard_altar, uniq_psyche, uniq_erica
D:9:      layout_basic, serial_shops, shop_statue, gammafunk_ghost_hydra_chop,
          chequers_big_river, minmay_holes
D:10:     layout_basic, elyvilon_altar_4, david_orc_4,
          kennysheep_generic_room_8, uniq_maurice
D:11:     layout_grid_maze, david_lair_generic,
          portal_ice_cave_entry_ice_beasts, nicolae_ru_great_annihilating_truth,
          uniq_urug
D:12:     minmay_polygon_palace, layout_loops_cross, serial_undead,
          serial_undead_e, serial_undead_f, serial_undead_e, serial_undead_b,
          kennysheep_small_square
D:13:     layout_loops_ring, pond
Temple:   eino_temple_lava
Lair:1:   layout_long_grid, grunt_megastairs_2
Lair:2:   gammafunk_boulding_lane, layout_cave_pods,
          minmay_snake_entry_six_corridors, minmay_lair_oklob_chamber
Lair:3:   layout_misc_corridors, basic_altar, grunt_megastairs_3
Lair:4:   layout_misc_corridors, minmay_swamp_entry_worms,
          nicolae_quartered_pool_little
Lair:5:   layout_hall_layers
Lair:6:   evilmike_catoblepas_cave, layout_small_grid, slime_altar_1

Skill      XL: |  1  2  3  4  5  6  7  8  9 10 11 12 13 14 |
---------------+-------------------------------------------+-----
Maces & Flails | 3 4 5 7 8 10 11 13 14 15 | 15.8
Fighting       | 4 5 6 7 9 10 11 12 | 12.9
Shields        | 4 5 6 7 9 10 11 12 | 12.9
Armour         | 4 5 6 7 9 10 11 12 | 12.9
Slings         | 1 2 3 4 6 7 8 9 11 | 11.4
Invocations    | 3 |  3.3

Action                   |  1- 3 |  4- 6 |  7- 9 | 10-12 | 13-15 || total
-------------------------+-------+-------+-------+-------+-------++-------
Melee: Flail             |    78 |    34 |       |       |       ||   112
       Headbutt          |    12 |    22 |    47 |   160 |   168 ||   409
       Whip              |       |   125 |   272 |   752 |   639 ||  1788
 Fire: Hunting sling     |       |       |    12 |    27 |    13 ||    52
  Use: Scroll            |       |       |     7 |    15 |    11 ||    33
       Potion            |       |       |       |     1 |     3 ||     4
 Stab: Paralysed         |       |       |       |     1 |       ||     1
       Petrified         |       |       |       |     2 |       ||     2
Armor: Scale mail        |    36 |    72 |    48 |       |       ||   156
       Chain mail        |       |       |    26 |   109 |       ||   135
       Plate armour      |       |       |       |   144 |   209 ||   353
Dodge: Dodged            |    23 |    48 |    40 |    74 |    42 ||   227
Block: Kite shield       |    46 |    99 |    61 |       |       ||   206
       Tower shield      |       |       |   103 |   686 |   510 ||  1299

Table legend: (Time is in decaauts)
 A = Elapsed time spent in this place.
 B = Non-inter-level travel time spent in this place.
 C = Inter-level travel time spent in this place.
 D = Time resting spent in this place.
 E = Time spent auto-exploring this place.
 F = Levels seen in this place.
 G = Mean time per level.
                   A        B        C        D        E       F      G
               +--------+--------+--------+--------+--------+-----+--------+
         Total |  17969 |  16486 |   1483 |   1004 |  11569 |  21 |  855.7 |
       Dungeon |  11290 |  10497 |    793 |    665 |   7610 |  13 |  868.5 |
        Temple |     74 |     68 |      6 |      0 |     67 |   1 |   74.0 |
          Lair |   6007 |   5323 |    684 |    339 |   3640 |   6 | 1001.2 |
         Sewer |    597 |    597 |      0 |      0 |    251 |   1 |  597.0 |
               +--------+--------+--------+--------+--------+-----+--------+

Top non-repeatable levels by time:
  Lair:6: 1666 daAuts
  Lair:2: 1355 daAuts
     D:9: 1340 daAuts
     D:2: 1265 daAuts
     D:3: 1060 daAuts
    D:11: 1050 daAuts
     D:6: 984 daAuts
     D:4: 962 daAuts
     D:1: 901 daAuts
    D:12: 884 daAuts
  Lair:1: 803 daAuts
    D:10: 762 daAuts
     D:5: 742 daAuts
  Lair:4: 742 daAuts
  Lair:5: 724 daAuts
